 Dungeon Sprint DCSS version 0.17-a0-2144-gd7f430c (webtiles) character file.

457 Horrz the Basher (level 6, -1/67 HPs)
             Began as a Minotaur Fighter on Oct 24, 2015.
             Was an Initiate of Okawaru.
             Succumbed to Sonja's curare-tipped needle
             ... in the Dungeon (Sprint I: "Red Sonja").
             The game lasted 00:05:09 (537 turns).

Horrz the Basher (Minotaur Fighter)                  Turns: 537, Time: 00:05:09

Health: -1/67      AC:  6    Str: 20    XL:     6   Next: 77%
Magic:  5/5        EV:  7    Int:  5    God:    Okawaru [......]
Gold:   313        SH:  9    Dex: 12    Spells: 0 memorised, 5 levels left

rFire  . . .     SeeInvis .     a - +0 flail
rCold  . . .     Clarity  .     b - +0 scale mail
rNeg   . . .     SustAt   .     c - +0 shield
rPois  .         Gourm    .     (helmet restricted)
rElec  .         Spirit   .     (no cloak)
rCorr  .         Warding  .     (no gloves)
rMut   .         NoTele   +     (no boots)
MR     .....                    (no amulet)
Stlth  ..........               (no ring)
                                (no ring)

@: lethally poisoned (-1 -> -18), very slightly contaminated, hasted and slowed,
very heavily drained, not resistant to hostile enchantments, extremely
unstealthy
A: retaliatory headbutt, horns 2
a: Renounce Religion


You were in the Dungeon.
You worshipped Okawaru.
Okawaru was noncommittal.
You were not hungry.

You visited 1 branch You collected 313 gold pieces.

Inventory:

Hand Weapons
 a - a +0 flail (weapon)
Armour
 b - a +0 scale mail (worn)
 c - a +0 shield (worn)
Scrolls
 k - a scroll of blinking
 l - a scroll of identify {unknown}
Potions
 d - a potion of might
 f - a potion of curing
 g - a potion of heal wounds
 i - 2 potions of magic
 j - a potion of berserk rage
Comestibles
 e - a bread ration


   Skills:
 + Level 10.4(5.3) Fighting
 + Level 11.0(5.8) Maces & Flails
 + Level 7.7(3.0) Armour
 + Level 7.6(2.9) Shields


You had 5 spell levels left.
You didn't know any spells.

Dungeon Overview and Level Annotations

Branches:
Dungeon (1/1)

Altars:
Elyvilon
Gozag
Kikubaaqudgha
Makhleb
Nemelex Xobeh
Okawaru
Qazlal
Ru
Sif Muna
Trog
Vehumet
Xom
Yredelemnul
Zin
The Shining One

Shops:
D (

Annotations:
D Sonja


Innate Abilities, Weirdness & Mutations

You reflexively headbutt those who attack you in melee.
You have a pair of horns on your head.


Message History

* * * LOW HITPOINT WARNING * * *
You feel very sick.
Sonja gestures wildly while chanting.
Sonja blinks!
* * * LOW HITPOINT WARNING * * *
You feel sick.
* * * LOW HITPOINT WARNING * * *
You feel sick.
Sonja unwields an uncursed blowgun.
Sonja wields an uncursed dagger of draining.
You sense an unholy aura.
Sonja hits you with an uncursed dagger of draining.
* * * LOW HITPOINT WARNING * * *
You feel drained. You block Sonja's attack. You block Sonja's attack.
There is an open door here.
You miss Sonja. Your headbutt misses Sonja.
* * * LOW HITPOINT WARNING * * *
You feel sick. You block Sonja's attack. Sonja closely misses you.
Sonja hits you but does no damage.
You feel drained.
You miss Sonja. Your headbutt misses Sonja.
You die...

#<.#..').#..'..#
#..'÷.#..').#..+
#..#####'#####'#
#..####..#...#(# #
#..#__####..##.#§§
#..#_..__##'#..+§§
#⌠⌠#_.∩...†..._#≈≈≈.c
####_..._##_.#+# +###
#_____###@# #######
#K# $.$ #$.$# ##.##
#+#


You could see Sonja.

Vanquished Creatures
  Sigmund (D)
  A yak (D)
  An ogre (D)
  A jelly (D)
  Ijyb (D)
5 creatures vanquished.

Notes
Turn   | Place    | Note
--------------------------------------------------------------
     0 | D        | Horrz the Minotaur Fighter began the quest for the Orb.
     0 | D        | Reached XP level 1. HP: 19/19 MP: 0/0
     1 | D        | Noticed Ijyb
    13 | D        | Killed Ijyb
    13 | D        | Reached skill level 8 in Fighting
    13 | D        | Reached XP level 2. HP: 19/35 MP: 1/1
   150 | D        | Noticed an ogre
   154 | D        | Killed an ogre
   154 | D        | Reached XP level 3. HP: 6/40 MP: 2/2
   154 | D        | Reached XP level 4. HP: 7/48 MP: 3/3
   415 | D        | Noticed Sigmund
   421 | D        | Killed Sigmund
   421 | D        | Reached skill level 9 in Fighting
   421 | D        | Reached skill level 10 in Maces & Flails
   421 | D        | Reached XP level 5. HP: 54/57 MP: 4/4
   421 | D        | Reached XP level 6. HP: 60/64 MP: 5/5
   450 | D        | Found a deep blue altar of Sif Muna.
   451 | D        | Noticed a jelly
   452 | D        | Found a radiant altar of Vehumet.
   455 | D        | Killed a jelly
   462 | D        | Noticed a centaur warrior
   480 | D        | Found Nelidog's Antique Weapon Emporium.
   480 | D        | Found a white marble altar of Elyvilon.
   480 | D        | Found a stormy altar of Qazlal.
   480 | D        | Found a basalt altar of Yredelemnul.
   480 | D        | Found an iron altar of Okawaru.
   480 | D        | Found a sparkling altar of Nemelex Xobeh.
   480 | D        | Found a shimmering altar of Xom.
   480 | D        | Found an ancient bone altar of Kikubaaqudgha.
   480 | D        | Noticed a yak
   487 | D        | Killed a yak
   487 | D        | Reached skill level 10 in Fighting
   487 | D        | Reached skill level 11 in Maces & Flails
   488 | D        | Found a burning altar of Makhleb.
   488 | D        | Found a sacrificial altar of Ru.
   488 | D        | Found a glowing golden altar of the Shining One.
   488 | D        | Found an opulent altar of Gozag.
   488 | D        | Found a glowing silver altar of Zin.
   489 | D        | Found a bloodstained altar of Trog.
   492 | D        | Became a worshipper of Warmaster Okawaru
   503 | D        | Noticed Sonja
   536 | D        | HP: 2/67 [poisoned by Sonja (curare-tipped needle)]
   537 | D        | Succumbed to Sonja's curare-tipped needle

Vault maps used:
D:        dungeon_sprint_1

Action                   |  1- 3 |  4- 6 || total
-------------------------+-------+-------++-------
Melee: Flail             |    14 |    26 ||    40
  Use: Potion            |       |     1 ||     1
